 Dungeon Crawl Stone Soup version 0.23-a0-171-g5ae17c6 (webtiles) character file.

91 KristoblXynda the Ruffian (level 4, 0/39 HPs)
             Began as a Troll Wizard on Sept 13, 2018.
             Slain by Robin
             ... wielding a +0 short sword of electrocution
              (16 damage)
             ... on level 3 of the Dungeon.
             The game lasted 00:04:03 (1349 turns).

KristoblXynda the Ruffian (Troll Wizard)            Turns: 1349, Time: 00:04:04

Health: 0/39       AC:  5    Str: 15    XL:     4   Next: 33%
Magic:  6/6        EV:  9    Int: 15    God:
Gold:   72         SH:  0    Dex:  8    Spells: 6/7 levels left

rFire    + . .     SeeInvis .     - Unarmed
rCold    x . .     Gourm    +   (no shield)
rNeg     . . .     Faith    .   a - +0 robe
rPois    .         Spirit   .   b - +0 hat
rElec    .         Reflect  .   (no cloak)
rCorr    .         Harm     .   (gloves unavailable)
MR       .....                  (boots unavailable)
Stlth    +.........             (no amulet)
HPRegen  0.53/turn              (no ring)
MPRegen  0.10/turn              j - ring of fire

@: no status effects
A: large, unfitting armour, claws 3, fast metabolism 3, gourmand, regeneration
1, shaggy fur 1, tough skin 2
a: no special abilities


You were on level 3 of the Dungeon.
You were completely stuffed.

You visited 1 branch of the dungeon, and saw 3 of its levels.

You collected 72 gold pieces.

Inventory:

Armour
 a - a +0 robe (worn)
 b - a +0 hat (worn)
Jewellery
 j - a ring of fire (right claw)
Wands
 m - a wand of clouds (5)
Scrolls
 c - 4 scrolls of amnesia
 i - a scroll of teleportation {unknown}
 l - a scroll of identify {unknown}
 p - a scroll of random uselessness {unknown}
Potions
 h - 3 potions of cancellation {unknown}
 k - 3 potions of curing {unknown}
 n - a potion of haste {unknown}
 o - a potion of brilliance {unknown}
 q - a potion of might {unknown}
Comestibles
 d - 7 rations
 g - a chunk of flesh


   Skills:
 - Level 1.5 Dodging
 - Level 1.0 Stealth
 * Level 3.2 Unarmed Combat
 - Level 2.0 Spellcasting
 + Level 1.8 Conjurations
   Level 0.6 Summonings
   Level 0.6 Translocations


You had 6 spell levels left.
You knew the following spells:

 Your Spells              Type           Power        Failure   Level  Hunger
a - Magic Dart            Conj           #...         11%         1    #......

Your spell library contained the following spells:

 Spells                   Type           Power        Failure   Level  Hunger
 Blink                    Tloc           N/A          26%         2    ###....
 Call Imp                 Summ           #.......     26%         2    ###....
 Slow                     Hex            #.......     32%         2    ###....
 Conjure Flame            Conj/Fire      #.......     43%         3    ###....
 Mephitic Cloud           Conj/Pois/Air  #.......     45%         3    ###....


Dungeon Overview and Level Annotations

Branches:
Dungeon (3/15)

Altars:

Annotations:
D:3 Robin


Innate Abilities, Weirdness & Mutations

You are too large for most types of armour.
You have claws for hands.
Your metabolism is lightning-fast.
You like to eat raw meat.
Your natural rate of healing is unusually fast.
You are covered in fur. (AC +1)
You have very tough skin. (AC +2)


Message History

You kill the goblin!
A jackal comes into view.
Robin throws the goblin at you! The goblin hits you but does no damage.
You claw the goblin!
You kill the goblin!
Robin roars a battlecry!
The goblin goes into a battle-frenzy!
You scratch Robin.
Robin is moderately wounded.
Robin barely misses you.
The hobgoblin hits you but does no damage.
You scratch Robin but do no damage.
Robin is moderately wounded.
Robin throws the goblin at you! The hobgoblin barely misses you.
You barely miss Robin.
Robin is moderately wounded.
The goblin hits you with a dagger.
Robin hits you with a short sword of electrocution.
You are electrocuted!
You die...

##########..
#.>.........
#<########..
##.##
####^..######
#.......)g@g#
#.##...####gg#
# ##.## g.#
#.#


hh# #.. r#g .). .... ## .. .. .# #.. You could see Robin, 2 jackals, 2
hobgoblins, 3 goblins and a rat.

Vanquished Creatures
  An adder (D:2)
  A gnoll (D:1)
  An ooze (D:2)
  2 dart slugs
  A leopard gecko (D:2)
  5 giant cockroaches
  13 goblins
  6 hobgoblins
  3 jackals (D:1)
  A quokka (D:2)
  5 bats
  7 frilled lizards
  7 kobolds
  5 rats
58 creatures vanquished.

Notes
Turn   | Place    | Note
-------+----------+-------------------------------------------
     0 | D:1      | KristoblXynda the Troll Wizard began the quest for the Orb.
     0 | D:1      | Reached XP level 1. HP: 16/16 MP: 2/2
    44 | D:1      | Reached skill level 1 in Unarmed Combat
    62 | D:1      | Reached skill level 1 in Conjurations
    65 | D:1      | Reached XP level 2. HP: 24/24 MP: 4/4
   280 | D:1      | Reached skill level 2 in Unarmed Combat
   383 | D:1      | Reached XP level 3. HP: 31/31 MP: 5/5
   858 | D:2      | Reached skill level 3 in Unarmed Combat
   858 | D:2      | Reached XP level 4. HP: 39/39 MP: 6/6
  1336 | D:3      | Noticed Robin
  1349 | D:3      | Slain by Robin

Vault maps used:
D:1:      eino_arrival_cavern_b
D:2:      first_ration
D:3:      minmay_misc_feat_rows, minmay_strange_pillars, uniq_robin,
          uniq_grinder

Skill      XL: |  1  2  3 |
---------------+----------+-----
Unarmed Combat | 1 2 3 |  3.2
Conjurations   | 1 |  1.8
Dodging        | |  1.5
Stealth        | |  1.0
Spellcasting   | |  2.0
Summonings     | |  0.6
Translocations | |  0.6

Action                   |  1- 3 |  4- 6 || total
-------------------------+-------+-------++-------
Melee: Unarmed           |   137 |    35 ||   172
  Use: Scroll            |       |     2 ||     2
  Eat: Chunk             |    13 |     5 ||    18
Armor: Robe              |    58 |    12 ||    70
Dodge: Dodged            |    66 |    10 ||    76

Table legend:
 A = Non-vault XP
 B = Vault XP
 C = Vault XP percentage of total XP
 D = Non-vault monster count
 E = Vault monster count
 F = Vault count percentage of total count
                 A         B        C        D         E       F
            +---------+---------+-------+---------+---------+-------
      Total |     116 |      14 |  10.8 |      50 |       8 |  13.8
            +---------+---------+-------+---------+---------+-------
        D:1 |      63 |       0 |   0.0 |      31 |       0 |   0.0
        D:2 |      53 |       0 |   0.0 |      19 |       0 |   0.0
        D:3 |       0 |      14 | 100.0 |       0 |       8 | 100.0
            +---------+---------+-------+---------+---------+-------
